Unix xNetHack Version 8.0.0 - last build Jan 14 2024 16:46:22 (be4d3c81716514284228e1a23197c27ddb32b841). Game began 2024-03-08 23:06:09, ended 2024-03-09 00:29:43. Catomat, neutral female human Wizard ------- ###....^>| ######################## |.....| ------- -------## ------------- |.....-# ##### |...).| -...".|# |;.........N| ~~....| #---.-- |...[..# |.....|# |...}}}}}...| ----.-- ##|....| |.....|###@......|# ##-..}#.{.#}..| ##[### |....| ---.---###%-------# #### |..}.....}..| |...<| ## ########### # |.......{}..| ######-...(| ### # # # |r.}.....}..| # ------ # # ###)# |..}#.{.#}..| ## ## ## # ### |...}}}}}...| ######## ###### |n.........S-##### -----------|-# ------------- |............)## |...........| # |............## ------------- Catomat the Conjurer St:11 Dx:15 Co:13 In:18 Wi:13 Ch:10 Neutral S:1618 Dlvl:5 $:230 HP:0(34) Pw:49(49) AC:10 Xp:5/277 T:4319 Latest messages: In what direction? The spell hits the cave spider! You kill the cave spider! L - a scroll called EGULED b200 {5}. There is nothing here to pick up. You stumble into a spider web! You are stuck to the web. You are stuck to the web. You are stuck to the web. You are stuck to the web. You disentangle yourself. This door is locked. This door is locked. In what direction? The door unlocks! The door opens. Please move the cursor to an unknown object. (For instructions type a '?') Done. In what direction? The spell hits the red mold! You kill the red mold! You see here a plastic faded pall. The orc zombie scratches you! You pound the orc zombie. You destroy the orc zombie! You are hit by a throwing star. You pound the bugbear! The bugbear throws a throwing star! You are hit by a throwing star. In what direction? The spell misses the bugbear. The bugbear throws a throwing star! You are hit by a throwing star! What do you want to zap? [qtyDN or ?*] In what direction? The bugbear vanishes! You are hit by a throwing star. Wait! There's something there you can't see! You are hit by a throwing star! Wizard, your life force is running out. It picks up 2 throwing stars. You hear snoring snakes. You are hit by a throwing star! You die... Do you want your possessions identified? [ynq] (y) Do you want to see your attributes? [ynq] (y) Do you want an account of creatures vanquished? [ynaq] (y) Do you want to see your conduct and achievements? [ynq] (y) Do you want to see the dungeon overview? [ynq] (y) Inventory: Inventory: 309/650 weight (32/52 slots) Coins $ - 230 gold pieces {2} Weapons I - a +0 dagger {10} E - a +0 elven dagger {10} a - a blessed +1 quarterstaff (weapon in hands) {40} Armor b - an uncursed +0 cloak of magic resistance {10} Comestibles H - an uncursed carrot {2} R - an uncursed food ration {20} Scrolls Y - an uncursed scroll of charging {5} F - an uncursed scroll of confuse monster {5} V - 2 uncursed scrolls of enchant armor {10} A - a blessed scroll of enchant weapon {5} v - a cursed scroll of enchant weapon {5} h - a blessed scroll of identify {5} W - an uncursed scroll of identify {5} x - a cursed scroll of identify {5} m - 2 uncursed scrolls of light {10} J - an uncursed scroll of magic mapping {5} S - an uncursed scroll of remove curse {5} U - a blessed scroll of teleportation {5} s - a cursed scroll of teleportation {5} L - a blessed scroll of water {5} Potions p - an uncursed potion of booze {20} K - an uncursed potion of enlightenment {20} u - a cursed potion of gain energy {20} Rings w - a cursed ring of shock resistance {3} Wands D - a wand of magic missile (0:3) {7} q - a wand of make invisible (0:4) {7} y - a cursed wand of polymorph (0:5) {7} t - a cursed wand of probing (0:6) {7} N - a wand of striking (0:6) {7} Tools C - a bag of tricks (0:10) {15} T - an uncursed blindfold {2} l - an uncursed oil lamp {20} Catomat the Wizard's attributes: Background: You were a Conjurer, a level 5 female human Wizard. You were neutral, nominally on a mission for Thoth who was opposed by Ptah (lawful) and Anhur (chaotic). You were heterosexual. You were in the Dungeons of Doom, on level 5. You entered the dungeon 4319 turns ago. It was the midnight hour. You had 277 experience points, 43 more were needed to attain level 6. Your score was 1618 before end-of-game adjustments. Basics: You had 0 out of 34 hit points. You had all 49 energy points (spell power). Your armor class was 10. Your wallet contained 230 zorkmids. Autopickup was on for '$"?!=/' plus thrown. Final Characteristics: Your strength was 11 (limit:18/100). Your dexterity was 15 (limit:18). Your constitution was 13 (limit:18). Your intelligence was 18 (limit:18). Your wisdom was 13 (limit:18). Your charisma was 10 (limit:18). Final Status: You were not hungry. You were unencumbered. You were wielding a quarterstaff. You had basic skill with quarterstaff. You were not wearing any armor. Final Attributes: You were piously aligned. You were telepathic. You are dead. Miscellaneous: You encountered 1 bones level. Total elapsed playing time was 1 hour, 23 minutes and 34 seconds. Major events: Turn 1: Catomat the neutral female human Wizard entered the dungeon 484: entered the Gnomish Mines 919: attained the rank of Conjurer (level 3) 1778: destroyed the invisible Catomat's ghost, the former Conjurer 3231: read a Discworld novel 4319: killed by a shuriken Vanquished creatures: 2 leprechauns a ghost 3 floating eyes 2 kittens 2 kobold leaders a rabid rat an orc zombie a dwarf zombie 2 iguanas an acid blob a gas spore a hobgoblin a giant rat a cave spider 2 brown molds 2 yellow molds 2 red molds 2 gnomes 4 geckos 4 jackals a kobold 7 goblins a sewer rat 4 grid bugs a bat 5 lichens 4 kobold zombies 3 newts 62 creatures vanquished. No species were genocided or became extinct. Voluntary challenges: You were an atheist. You read items or engraved 10 times. You never genocided any monsters. You never polymorphed an object. You never changed form. You never touched an artifact. You used no wishes. You never scared an enemy with impunity. You were celibate. You never generated conflict. Achievements: You entered the Gnomish Mines. You attained the rank of Conjurer. You entered a shop. You read from a Discworld novel. Dungeon overview: The Dungeons of Doom: levels 1 to 6 Level 1: A fountain. Level 2: A scroll shop. Stairs down to The Gnomish Mines. Level 3: A general store. Level 4: A fountain, a grave. Level 5: "stash" <- You were here. Many fountains, a grave, many trees. Oracle of Delphi. Final resting place for you, killed by a shuriken, Catomat-Wiz-Hum-Fem-Neu, killed by a kitten. Level 6: The Gnomish Mines: Level 3: Game over: __________ / \ / REST \ / IN \ / PEACE \ / \ | Catomat | | 230 Au | | killed by a | | shuriken | | | | | | 2024 | *| * * * | * _________)/\\_//(\/(/\)/\//\/|_)_______ Goodbye Catomat the Wizard... You died in The Dungeons of Doom on dungeon level 5 with 1595 points, and 230 pieces of gold, after 4319 moves. You were level 5 with a maximum of 34 hit points when you died.